 Dungeon Crawl Stone Soup version 0.28-a0-1087-gf3fc490d9d (webtiles) character file.

Game seed: 12960930788483272849

63 fragbeetle the Ruffian (level 3, -1/29 HPs)
             Began as a Draconian Transmuter on Dec 10, 2021.
             Slain by a gnoll (4 damage)
             ... on level 3 of the Dungeon.
             The game lasted 00:03:27 (1743 turns).

fragbeetle the Ruffian (Draconian Transmuter)       Turns: 1743, Time: 00:03:27

Health: -1/29      AC:  5    Str: 14    XL:     3   Next: 87%
Magic:  5/6        EV: 12    Int: 13    God:
Gold:   54         SH:  0    Dex: 11    Spells: 5/6 levels left

rFire   . . .      SeeInvis .     - Unarmed
rCold   . . .      Faith    .   (no shield)
rNeg    . . .      Spirit   .   (armour unavailable)
rPois   .          Reflect  .   (helmet currently unavailable)
rElec   .          Harm     .   (no cloak)
rCorr   .          Rampage  .   (no gloves)
Will    .....                   (boots currently unavailable)
Stlth   +.........              (no amulet)
HPRegen 0.09/turn               (no ring)
MPRegen 0.10/turn               (no ring)

@: appendages (expiring)
A: horns 2, talons 2, AC +5, unfitting armour, cold-blooded
a: End Transformation


You were on level 3 of the Dungeon.
You had temporarily grown beastly horns and talons.
You visited 1 branch of the dungeon, and saw 3 of its levels.

You collected 54 gold pieces.

Inventory:

Hand Weapons
 e - a +1 dagger of electrocution
Missiles
 d - 4 atropa-tipped darts
Scrolls
 b - 2 scrolls of identify {unknown}
 c - a scroll of teleportation {unknown}
Potions
 a - a potion of degeneration {unknown}
 f - a potion of attraction {unknown}
 g - a potion of heal wounds {unknown}


   Skills:
 * Level 1.7 Fighting
 * Level 1.9 Dodging
 + Level 0.1 Stealth
 + Level 3.6 Unarmed Combat
 + Level 2.4 Spellcasting
 * Level 2.8 Transmutations


You had 5 spell levels left.
You knew the following spells:

 Your Spells              Type           Power      Damage    Failure   Level
a - Beastly Appendage     Tmut           16%        N/A       8%          1

Your spell library contained the following spells:

 Spells                   Type           Power      Damage    Failure   Level
 Wereblood                Tmut           8%         N/A       12%         2
 Spider Form              Tmut/Pois      5%         N/A       38%         3
 Ice Form                 Ice/Tmut       5%         N/A       80%         4


Dungeon Overview and Level Annotations

Branches:
Dungeon (3/15)

Altars:

Annotations:
D:2 Sigmund


Innate Abilities, Weirdness & Mutations

You have temporarily grown beastly horns and talons.
Your plain brown scales are hard. (AC +5)
You cannot fit into any form of body armour.
You are cold-blooded and may be slowed by cold attacks.


Message History

The bat is moderately wounded.
The bat closely misses you. The bat hits you but does no damage.
The bat hits you but does no damage. The bat hits you but does no damage. x2
You hit the bat.
You kill the bat!
Your transformation is almost over.
A gnoll comes into view. It is wielding a +0 spear.
Your horns disappear.
Your talons disappear.
Casting: Beastly Appendage (safe; 8% risk of failure)
Confirm with . or Enter, or press ? or * to list all spells.
You grow a pair of large bovine horns.
Your feet morph into talons.
A gnoll comes into view. It is wielding a +0 spear.
The gnoll shouts!
A gnoll comes into view. It is wielding a +0 halberd.
The gnoll hits you with a +0 spear.
You hit the gnoll. You claw the gnoll.
The gnoll is severely wounded.
The gnoll misses you.
You barely miss the gnoll.
The gnoll is severely wounded.
A gnoll comes into view. It is wielding a +0 spear.
The gnoll closely misses you. The gnoll barely misses you.
The gnoll shouts!
You hit the gnoll but do no damage. You headbutt the gnoll.
The gnoll is almost dead.
Your transformation is almost over.
The gnoll hits you from afar with a +0 spear.
The gnoll hits you with a +0 spear!
You closely miss the gnoll. Your kick misses the gnoll.
You headbutt the gnoll, but do no damage.
Your tail-slap misses the gnoll.
The gnoll is almost dead.
The gnoll hits you from afar with a +0 spear!
* * * LOW HITPOINT WARNING * * *
The gnoll hits you with a +0 spear.
* * * LOW HITPOINT WARNING * * *
The gnoll hits you from afar with a +0 spear.
You die...

..# #.# ###### ...
#..... #g# #.#### #g#
#.# #g# #.# #g# #.#
#.# #.# #@##### #.#
#.....# #.# #####.#
####.# #########.#
##....####
..........###.........
########......_§§..###
#..##.§..##.#
#..####### .# #..# .#


You could see 4 gnolls.

Vanquished Creatures
  Jessica (D:3)
  2 bats
  2 giant cockroaches (D:1)
  3 goblins (D:1)
  6 hobgoblins
  2 jackals (D:1)
  3 kobolds
  2 quokkas (D:1)
  5 ball pythons
  2 frilled lizards (D:1)
  5 rats
33 creatures vanquished.

Notes
Turn   | Place    | Note
-------+----------+-------------------------------------------
     0 | D:1      | fragbeetle the Draconian Transmuter began the quest for the
                  | Orb.
     0 | D:1      | Reached XP level 1. HP: 16/16 MP: 3/3
   195 | D:1      | Reached XP level 2. HP: 23/23 MP: 3/5
   993 | D:1      | Reached XP level 3. HP: 26/28 MP: 3/6
  1154 | D:2      | Noticed Sigmund
  1297 | D:3      | Noticed Jessica
  1303 | D:3      | Killed Jessica
  1709 | D:3      | Found a faded altar of an unknown god.
  1743 | D:3      | Slain by a gnoll

Illustrated notes

Levels and vault maps discovered:
D:1:      sevenhm_arrival_forest_fort_large_2, layout_loops_cross,
          chequers_serial_rivers_micro_c
D:2:      layout_rooms, basic_altar, nicolae_wormholes, uniq_sigmund,
          uniq_natasha
D:3:      layout_loops_ring, ebering_ecumenical_altar_mist, uniq_jessica,
          uniq_robin

Action                   || total
-------------------------++-------
Melee: Unarmed           ||    86
       Kick              ||    14
       Tailslap          ||     7
       Headbutt          ||     7
       Punch             ||     1
 Cast: Beastly Appendage ||    25
 Stab: Sleeping          ||     1
Armor: Skin              ||    26
Dodge: Dodged            ||    56

Table legend: (Time is in decaauts)
 A = Elapsed time spent in this place.
 B = Non-inter-level travel time spent in this place.
 C = Inter-level travel time spent in this place.
 D = Time resting spent in this place.
 E = Time spent auto-exploring this place.
 F = Levels seen in this place.
 G = Mean time per level.
                   A        B        C        D        E       F      G
               +--------+--------+--------+--------+--------+-----+--------+
         Total |   1737 |   1693 |     44 |    302 |   1051 |   3 |  579.0 |
       Dungeon |   1737 |   1693 |     44 |    302 |   1051 |   3 |  579.0 |
               +--------+--------+--------+--------+--------+-----+--------+

Top non-repeatable levels by time:
     D:1: 1065 daAuts
     D:3: 533 daAuts
     D:2: 138 daAuts
